 Dungeon Crawl Stone Soup version 0.30-a0-778-g2ef04afb54 (webtiles) character file.

Game seed: 13349049521900726170

227 DEFE the Trooper (level 5, -1/44 HPs)
             Began as a Demonspawn Wanderer on Feb 15, 2023.
             Killed by nerve-wracking pain
             ... invoked by an orc priest
              (10 damage)
             ... on level 3 of the Dungeon on Feb 16, 2023.
             The game lasted 00:03:18 (2789 turns).

DEFE the Trooper (Demonspawn Wanderer)              Turns: 2789, Time: 00:03:19

Health: -1/44      AC: 11    Str: 13    XL:     5   Next: 70%
Magic:  6/6        EV:  8    Int: 13    God:
Gold:   115        SH:  4    Dex: 14    Spells: 5/6 levels left

rFire   + . .      SeeInvis .    a - +0 dagger
rCold   . . .      Faith    .    d - +0 buckler
rNeg    . . .      Spirit   .    g - +3 scale mail {rF+}
rPois   .          Reflect  .    (no helmet)
rElec   .          Harm     .    (no cloak)
rCorr   .          Rampage  .    (no gloves)
Will    .....                    (no boots) Stlth
                                 (no amulet)
HPRegen 0.27/turn                (no ring)
MPRegen 0.10/turn                (no ring)

@: flying, hasted, very quick
A: hooves 1, yellow scales 1
a: no special abilities


You were on level 3 of the Dungeon.
You visited 1 branch of the dungeon, and saw 3 of its levels.

You collected 115 gold pieces.

Inventory:

Hand Weapons
 a - a +0 dagger (weapon)
Armour
 c - a +0 robe
 d - a +0 buckler (worn)
 g - a +3 scale mail of fire resistance (worn)
 l - a +0 ring mail
Scrolls
 f - 5 scrolls of identify {unknown}
 h - 2 scrolls of immolation {unknown}
 i - a scroll of enchant armour {unknown}
 k - a scroll of amnesia {unknown}
 m - a scroll of fear {unknown}
 n - 5 scrolls of teleportation {unknown}
 o - a scroll of enchant weapon {unknown}
Potions
 j - 2 potions of haste
 p - a potion of mutation {unknown}
 q - a potion of heal wounds {unknown}


   Skills:
 + Level 5.4 Fighting
 - Level 1.1 Armour
 - Level 1.9 Shields
 - Level 1.1 Spellcasting
 - Level 1.2 Transmutations
 - Level 3.6 Earth Magic


You had 5 spell levels left.
You knew the following spells:

 Your Spells              Type           Power      Damage    Failure   Level
a - Sandblast             Erth           20%        2d7       36%         1

Your spell library contained the following spells:

 Spells                   Type           Power      Damage    Failure   Level
 Passwall                 Tmut/Erth      5%         N/A       69%         2
 Wereblood                Tmut           3%         N/A       85%         2
 Animate Armour           Summ/Erth      10%        N/A       100%        4
 Leda's Liquefaction      Hex/Erth       2%         N/A       100%        4


Dungeon Overview and Level Annotations

Branches:
Dungeon (3/15)

Altars:
Ashenzari


Innate Abilities, Weirdness & Mutations

You have large cloven feet.
You are partially covered in yellow scales. (AC +2)


Message History

Unknown command.
You hit the orc priest but do no damage.
You kick the orc priest, but do no damage.
The orc hits you with a +0 dagger.
The orc priest invokes the aid of Beogh against you.
Beogh smites you!
* * * LOW HITPOINT WARNING * * *
You block the orc's attack.
You take 14 damage, and have 11/44 hp.
MASSIVE DAMAGE!!
It was a potion of haste.
You feel yourself speed up. You block the orc's attack.
The orc hits you but does no damage. You block the orc priest's attack.
Unknown command.
You feel better. You block the orc's attack.
The orc hits you but does no damage. The orc priest closely misses you.
You regained 10 hp, and now have 22/44 hp.
You barely miss the orc priest. You block the orc's attack.
The orc hits you but does no damage.
The orc priest invokes the aid of Beogh against you.
Beogh smites you!
* * * LOW HITPOINT WARNING * * *
You take 13 damage, and have 9/44 hp.
MASSIVE DAMAGE!!
It was a potion of flight.
You feel very buoyant.
You fly up into the air.
You hit the orc priest but do no damage.
The orc hits you but does no damage. The orc closely misses you.
The orc priest hits you but does no damage.
You closely miss the orc priest. Your kick misses the orc priest.
The orc completely misses you. The orc barely misses you.
The orc priest hits you but does no damage.
Unknown command.
You hit the orc priest but do no damage.
Your kick misses the orc priest. The orc hits you with a +0 dagger.
* * * LOW HITPOINT WARNING * * *
The orc priest mumbles some strange prayers to Beogh against you.
Pain shoots through your body!
You die...

##########
#........#
####.######.#
.....#
#.######
....##
#....o@#
.....#
######o#
..>.## o...
.#.## .....#
...# ##..#.#
.... #.##.#
..... .. .#
...... .. #
.......


You could see an orc priest and 2 orcs.

Vanquished Creatures
  A scorpion (D:3)
  Ijyb (D:3)
  7 adders
  4 dart slugs
  2 orcs (D:3)
  5 endoplasms
  2 giant cockroaches (D:1)
  5 goblins
  6 hobgoblins
  3 kobolds
  8 quokkas
  5 ball pythons
  12 bats
  2 frilled lizards (D:3)
  9 rats
72 creatures vanquished.

Notes
Turn   | Place    | Note
-------+----------+-------------------------------------------
     0 | D:1      | DEFE the Demonspawn Wanderer began the quest for the Orb.
     0 | D:1      | DEFE set off with the following items: a +0 dagger, a
                  | potion of curing, a +0 robe, a +0 buckler; and the
                  | following spell memorised: Sandblast; and the following
                  | spells available to memorise: Passwall, Wereblood, Animate
                  | Armour, Leda's Liquefaction.
     0 | D:1      | Reached XP level 1. HP: 15/15 MP: 2/2
   181 | D:1      | Gained mutation: You have large cloven feet. [demonic
                  | ancestry]
   181 | D:1      | Reached XP level 2. HP: 16/21 MP: 3/3
   559 | D:1      | Reached skill level 2 in Fighting
   706 | D:1      | Gained mutation: You are partially covered in yellow
                  | scales. (AC +2) [demonic ancestry]
   706 | D:1      | Reached XP level 3. HP: 28/28 MP: 4/4
   998 | D:1      | Found a faded altar of an unknown god.
  1315 | D:2      | Reached skill level 3 in Fighting
  1485 | D:2      | Reached XP level 4. HP: 27/35 MP: 5/5
  1908 | D:2      | Reached skill level 4 in Fighting
  2065 | D:3      | Noticed Ijyb
  2075 | D:3      | Paralysed by Ijyb for 5 turns
  2087 | D:3      | Paralysed by Ijyb for 4 turns
  2118 | D:3      | Killed Ijyb
  2326 | D:3      | Reached XP level 5. HP: 39/43 MP: 6/6
  2394 | D:3      | Found a broken altar of Ashenzari.
  2482 | D:3      | Reached skill level 5 in Fighting
  2789 | D:3      | Killed from afar by an orc priest

Illustrated notes

Levels and vault maps discovered:
D:1:      nicolae_arrival_washed_ashore, layout_basic,
          hellmonk_ecumenical_altar_defaced_shrine, st_stairs_8
D:2:      layout_loops_ring
D:3:      layout_loops_cross, mainiacjoe_overflow_tiny_flanked, uniq_ijyb

Skill      XL: |  1  2  3  4  5 |
---------------+----------------+-----
Fighting       | 2 3 4 5 |  5.4
Armour         | |  1.1
Shields        | |  1.9
Spellcasting   | |  1.1
Transmutations | |  1.2
Earth Magic    | |  3.6

Action                     |  1- 3 |  4- 6 || total
---------------------------+-------+-------++-------
  Melee: Dagger            |   176 |   239 ||   415
         Kick              |    44 |    59 ||   103
    Use: Potion            |       |     6 ||     6
   Stab: Sleeping          |     1 |       ||     1
 Armour: Robe              |    11 |       ||    11
         Ring mail         |    55 |    69 ||   124
         Scale mail        |       |    77 ||    77
  Dodge: Dodged            |    91 |   107 ||   198
  Block: Buckler           |    33 |    55 ||    88

Table legend: (Time is in decaauts)
 A = Elapsed time spent in this place.
 B = Non-inter-level travel time spent in this place.
 C = Inter-level travel time spent in this place.
 D = Time resting spent in this place.
 E = Time spent auto-exploring this place.
 F = Levels seen in this place.
 G = Mean time per level.
                   A        B        C        D        E       F      G
               +--------+--------+--------+--------+--------+-----+--------+
         Total |   2807 |   2722 |     85 |    262 |   1752 |   3 |  935.7 |
       Dungeon |   2807 |   2722 |     85 |    262 |   1752 |   3 |  935.7 |
               +--------+--------+--------+--------+--------+-----+--------+

Top non-repeatable levels by time:
     D:1: 1302 daAuts
     D:3: 770 daAuts
     D:2: 734 daAuts
